 Dungeon Crawl Stone Soup version 0.22.0-38-g04b72b8 (webtiles) character file.

179 Lew the Skirmisher (level 5, 0/47 HPs)
             Began as a Gnoll Abyssal Knight on Aug 25, 2018.
             Was a Priest of Lugonu.
             Succumbed to a scorpion's poison
             ... on level 4 of the Dungeon.
             The game lasted 00:06:26 (2600 turns).

Lew the Skirmisher (Gnoll Abyssal Knight)           Turns: 2600, Time: 00:06:26

Health: 0/47       AC:  7    Str: 14    XL:     5   Next: 59%
Magic:  3/8        EV:  7    Int: 14    God:    Lugonu [***...]
Gold:   101        SH: 11    Dex: 16    Spells: 7/7 levels left

rFire    . . .     SeeInvis .   k - +0 war axe
rCold    . . .     Gourm    .   e - +0 large shield
rNeg     . . .     Faith    .   i - +0 ring mail
rPois    .         Spirit   +   (no helmet)
rElec    .         Reflect  .   b - +0 cloak (curse)
rCorr    .         Harm     .   (no gloves)
MR       .....                  (no boots)
Stlth    +.........             d - amulet of guardian spirit
HPRegen  0.15/turn              (no ring)
MPRegen  0.11/turn              (no ring)

@: lethally poisoned (0 -> -11)
A: distributed training, fangs 1, strong nose
a: Depart the Abyss, Bend Space, Banish, Renounce Religion


You were on level 4 of the Dungeon.
You worshipped Lugonu.
Lugonu was most pleased with you.
You were hungry.

You visited 1 branch of the dungeon, and saw 4 of its levels.
You visited the Abyss 1 time.

You collected 101 gold pieces.

Inventory:

Hand Weapons
 a - a +1 falchion
 k - a +0 war axe (weapon)
Armour
 b - a cursed +0 cloak (worn)
 e - a +0 large shield (worn)
 i - a +0 ring mail (worn)
Jewellery
 d - an amulet of guardian spirit (around neck)
Scrolls
 g - 4 scrolls of amnesia
 h - 2 scrolls of teleportation
 j - a scroll of remove curse
Potions
 f - a potion of resistance
Comestibles
 c - 3 rations


   Skills:
 + Level 6.7 Fighting
 + Level 1.5 Short Blades
 + Level 4.8 Long Blades
 + Level 1.5 Axes
 + Level 1.5 Maces & Flails
 + Level 1.5 Polearms
 + Level 1.5 Staves
 + Level 1.5 Slings
 + Level 1.5 Bows
 + Level 1.5 Crossbows
 + Level 1.5 Throwing
 + Level 4.8 Armour
 + Level 3.0 Dodging
 + Level 1.5 Stealth
 + Level 1.5 Shields
 + Level 1.5 Unarmed Combat
 + Level 1.5 Spellcasting
 + Level 1.2 Conjurations
 + Level 1.2 Hexes
 + Level 1.2 Charms
 + Level 1.2 Summonings
 + Level 1.2 Necromancy
 + Level 1.2 Translocations
 + Level 1.2 Transmutations
 + Level 1.2 Fire Magic
 + Level 1.2 Ice Magic
 + Level 1.2 Air Magic
 + Level 1.2 Earth Magic
 + Level 1.2 Poison Magic
 + Level 4.9 Invocations
 + Level 1.5 Evocations


You had 7 spell levels left.
You didn't know any spells.
Your spell library was empty.

Dungeon Overview and Level Annotations

Branches:
Dungeon (4/15)
 Temple: D:4-7

Altars:
Dithmenos
Uskayaw


Innate Abilities, Weirdness & Mutations

Your experience applies equally to all skills.
You have very sharp teeth.
Your uncanny sense of smell can sniff out nearby items.


Message History

You hit the phantom.
* * * LOW HITPOINT WARNING * * *
You feel sick. You block the scorpion's attack.
The phantom completely misses you. You block the scorpion's attack.
The phantom blinks!
You barely miss the scorpion.
The scorpion is heavily wounded.
* * * LOW HITPOINT WARNING * * *
You feel sick. You block the scorpion's attack.
You hit the scorpion.
The scorpion is severely wounded.
* * * LOW HITPOINT WARNING * * *
You feel sick.
The scorpion stings you but does no damage.
You block the scorpion's attack.
The phantom blinks!
You slash the scorpion!
You kill the scorpion!
Lugonu accepts your kill.
Your Dodging skill increases to level 3!
You die...

#.# #.# #.# #.# #.#
#.# . #.# #.#####.
#.# #.......
#.#####.#.#.## ####
#.#...........
#W..####.#.###.#.#.#.
#_..@ยง#..#.#
#.....#.
#...#..[##.###.#.###.
#######.#............
#.# #.#..###.......
#.# #.#............
#.# #.#..####......
#.# #.#..# #>#....
#.###.#..####.##.#.
#.............##.#.


You could see a phantom.

Vanquished Creatures
  A scorpion (D:4)
  A worker ant (D:4)
  An adder (D:3)
  2 oozes (D:1)
  2 worms (D:3)
  2 dart slugs
  3 leopard geckos
  6 orcs (D:3)
  2 ball pythons (D:3)
  6 bats
  12 hobgoblins
  9 kobolds
  A quokka (D:2)
  5 frilled lizards
  11 goblins
  6 rats
70 creatures vanquished.

Notes
Turn   | Place    | Note
-------+----------+-------------------------------------------
     0 | Abyss:1  | Lew the Gnoll Abyssal Knight began the quest for the Orb.
     0 | Abyss:1  | Reached XP level 1. HP: 23/23 MP: 3/3
    50 | Abyss:1  | Noticed a large abomination
    60 | Abyss:1  | Noticed a tentacled starspawn
    62 | Abyss:1  | Noticed a large abomination
    63 | Abyss:1  | Noticed an apocalypse crab
    94 | Abyss:1  | Noticed a tentacled starspawn
    98 | D:1      | Escaped the Abyss
   111 | D:1      | Reached * piety under Lugonu
   141 | D:1      | Reached XP level 2. HP: 23/29 MP: 5/5
   459 | D:1      | Reached XP level 3. HP: 35/35 MP: 6/6
   851 | D:2      | Reached ** piety under Lugonu
  1115 | D:2      | Noticed a dagger
  1115 | D:2      | Noticed a dagger
  1118 | D:2      | Found a hide-covered altar of Uskayaw.
  1496 | D:3      | Reached skill level 1 in Short Blades
  1496 | D:3      | Reached skill level 1 in Axes
  1496 | D:3      | Reached skill level 1 in Maces & Flails
  1496 | D:3      | Reached skill level 1 in Polearms
  1496 | D:3      | Reached skill level 1 in Staves
  1496 | D:3      | Reached skill level 1 in Slings
  1496 | D:3      | Reached skill level 1 in Bows
  1496 | D:3      | Reached skill level 1 in Crossbows
  1496 | D:3      | Reached skill level 1 in Throwing
  1496 | D:3      | Reached skill level 1 in Stealth
  1496 | D:3      | Reached skill level 1 in Shields
  1496 | D:3      | Reached skill level 1 in Unarmed Combat
  1496 | D:3      | Reached skill level 1 in Spellcasting
  1496 | D:3      | Reached skill level 1 in Evocations
  1499 | D:3      | Reached XP level 4. HP: 36/41 MP: 7/7
  1758 | D:3      | Reached skill level 1 in Conjurations
  1758 | D:3      | Reached skill level 1 in Hexes
  1758 | D:3      | Reached skill level 1 in Charms
  1758 | D:3      | Reached skill level 1 in Summonings
  1758 | D:3      | Reached skill level 1 in Necromancy
  1758 | D:3      | Reached skill level 1 in Translocations
  1758 | D:3      | Reached skill level 1 in Transmutations
  1758 | D:3      | Reached skill level 1 in Fire Magic
  1758 | D:3      | Reached skill level 1 in Ice Magic
  1758 | D:3      | Reached skill level 1 in Air Magic
  1758 | D:3      | Reached skill level 1 in Earth Magic
  1758 | D:3      | Reached skill level 1 in Poison Magic
  2242 | D:3      | Reached *** piety under Lugonu
  2281 | D:4      | Noticed an ogre
  2539 | D:4      | Reached XP level 5. HP: 29/47 MP: 5/8
  2589 | D:4      | Found a shadowy altar of Dithmenos.
  2589 | D:4      | Noticed a phantom
  2599 | D:4      | HP: 2/47 [poisoned by a scorpion]
  2600 | D:4      | Succumbed to a scorpion's poison

Skill      XL: |  1  2  3  4  5 |
---------------+----------------+-----
Short Blades   | 1 |  1.5
Axes           | 1 |  1.5
Maces & Flails | 1 |  1.5
Polearms       | 1 |  1.5
Staves         | 1 |  1.5
Slings         | 1 |  1.5
Bows           | 1 |  1.5
Crossbows      | 1 |  1.5
Throwing       | 1 |  1.5
Stealth        | 1 |  1.5
Shields        | 1 |  1.5
Unarmed Combat | 1 |  1.5
Spellcasting   | 1 |  1.5
Evocations     | 1 |  1.5
Conjurations   | 1 |  1.2
Hexes          | 1 |  1.2
Charms         | 1 |  1.2
Summonings     | 1 |  1.2
Necromancy     | 1 |  1.2
Translocations | 1 |  1.2
Transmutations | 1 |  1.2
Fire Magic     | 1 |  1.2
Ice Magic      | 1 |  1.2
Air Magic      | 1 |  1.2
Earth Magic    | 1 |  1.2
Poison Magic   | 1 |  1.2
Dodging        | 3 |  3.0
Fighting       | |  6.7
Long Blades    | |  4.8
Armour         | |  4.8
Invocations    | |  4.9

Action                   |  1- 3 |  4- 6 || total
-------------------------+-------+-------++-------
Melee: Falchion          |   105 |    60 ||   165
       Bite              |    15 |     5 ||    20
       War axe           |       |    21 ||    21
       Punch             |       |     1 ||     1
Invok: Depart the Abyss  |     1 |       ||     1
  Use: Scroll            |     2 |     6 ||     8
       Potion            |     1 |     2 ||     3
 Stab: Sleeping          |     3 |       ||     3
       Distracted        |       |     1 ||     1
  Eat: Chunk             |       |     5 ||     5
Armor: Leather armour    |    33 |     2 ||    35
       Ring mail         |       |    10 ||    10
Dodge: Dodged            |    62 |    48 ||   110
Block: Large shield      |       |    45 ||    45
       Rpst.: Falchion   |    16 |    11 ||    27
